Map: Orbitalwerft

Players

IIIIIIIIIIII

  • Race: Zerg Zerg
  • League: Platinum

Boblan - Winner!

  • Race: Protoss Protoss
  • League: Platinum

VOD

Have the link to the VOD?

Description

Time

  • Played on: Oct. 26, 2015, 2:43 p.m.
  • Length: 13:35
Show
View Real Time Build Order
Export as new Build Order

IIIIIIIIIIII Zerg 

Build Orders: 3 Hatch before Pool 

Get SALT Encoding   

  12  0:04  Drone  
  13  0:12  Overlord  
  13  0:18  Drone  
  14  0:24  Extractor  
  14  0:25  Drone  
  15  0:31  Drone  
  16  0:38  Drone  
  17  0:48  Drone  
  18  0:59  Drone  
  18  1:02  Hatchery  
  18  1:21  Drone  
  18  1:23  Hatchery  
  18  1:35  Spawning Pool  
  18  1:36  Drone  
  18  1:38  Drone  
  19  1:43  Drone  
  19  1:44  Extractor  
  19  1:58  Overlord  
  19  2:05  Drone  
  20  2:15  Drone  
  21  2:18  Drone  
  21  2:22  Queen  
  24  2:24  Drone  
  24  2:27  Drone  
  26  2:39  Drone x3  
  26  2:40  Queen  
  31  2:46  Drone  
  31  2:48  Drone  
  31  2:51  Metabolic Boost  
  33  2:54  Drone  
  34  3:01  Drone  
  34  3:03  Queen  
  37  3:06  Overlord  
  37  3:23  Drone x2  
  37  3:24  Roach Warren  
  37  3:25  Drone  
  37  3:26  Drone x2, Extractor  
  40  3:33  Queen  
  40  3:34  Overlord x2  
  42  3:38  Drone x2  
  42  3:39  Drone  
  42  3:41  Drone  
  45  3:49  Zergling x2  
  45  3:50  Zergling x6  
  45  3:51  Zergling x2  
  45  3:52  Zergling x2  
  46  4:17  Drone x5  
  46  4:19  Drone  
  46  4:20  Drone x2  
  52  4:28  Drone  
  53  4:36  Drone  
  54  4:41  Drone x3  
  54  4:42  Extractor  
  54  4:43  Drone, Extractor  
  52  5:07  Drone x2  
  54  5:11  Extractor  
  54  5:12  Drone x6, Extractor  
  54  5:13  Drone x6  
  62  5:15  Lair  
  62  5:24  Overlord  
  62  5:35  Overlord x2  
  62  5:41  Hatchery  
  61  5:47  Roach  
  61  5:48  Evolution Chamber, Roach x6  
  74  5:50  Evolution Chamber  
  74  5:54  Drone x3  
  73  6:10  Ravager x2  
  73  6:11  Ravager  
  75  6:30  Roach x7  
  88  6:48  Drone x2  
  90  6:55  Drone x3  
  93  7:05  Drone x3  
  93  7:07  Overlord x4  
  96  7:15  Overlord x4  
  96  7:19  Zerg Melee Weapons Level 1  
  96  7:20  Zerg Ground Armor Level 1  
  96  7:25  Infestation Pit  
  96  7:28  Evolution Chamber  
  94  7:31  Drone  
  94  7:32  Drone x12  
  107  7:37  Roach  
  107  7:38  Roach x3  
  115  8:04  Hatchery  
  114  8:14  Ravager  
  114  8:15  Ravager x3  
  114  8:19  Drone x4  
  123  8:20  Drone  
  123  8:42  Overlord  
  123  8:43  Overlord x3  
  123  8:51  Zergling x2  
  123  8:52  Zergling x48  
  148  9:00  Hive  
  148  9:02  Zerg Missile Weapons Level 1  
  148  9:10  Extractor x2  
  148  9:15  Zergling x2  
  148  9:16  Zergling x32  
  163  9:32  Zergling x10  
  163  9:33  Zergling x4  
  108  9:47  Roach  
  108  9:48  Roach x10  
  107  10:02  Zergling x2  
  107  10:03  Zergling x6  
  107  10:04  Zergling x10  
  111  10:10  Roach x6  
  120  10:15  Roach  
  120  10:16  Roach x3  
  120  10:18  Zerg Ground Armor Level 2  
  120  10:20  Zerg Melee Weapons Level 2  
  127  10:25  Zergling x14  
  134  10:31  Overseer  
  130  10:41  Roach x7  
  130  10:42  Roach x4  
  150  10:44  Adrenal Glands  
  134  11:05  Glial Reconstitution  
  134  11:11  Roach x6, Zergling x2  
  136  11:12  Roach, Zergling x18  
  158  11:24  Hatchery  
  157  11:39  Roach  
  130  11:43  Roach x8, Zergling x2  
  130  11:44  Zergling x24  
  110  12:01  Overseer  
  110  12:06  Overseer  
  104  12:09  Roach x11  
  104  12:10  Roach x6  
  107  12:31  Roach  
  107  12:32  Roach x7  
  111  12:54  Ultralisk Cavern  
  111  12:56  Zergling x6  
  111  12:57  Zergling x12  
  113  13:04  Zergling x2  
  113  13:05  Zergling x16  
Show
View Real Time Build Order
Export as new Build Order

Boblan Protoss - Winner!

Build Orders:  

Get SALT Encoding   

  12  0:01  Probe (Chrono Boost)  
  13  0:11  Probe (Chrono Boost)  
  14  0:21  Pylon  
  14  0:22  Probe (Chrono Boost)  
  15  0:39  Probe (Chrono Boost)  
  17  0:50  Probe (Chrono Boost)  
  17  1:00  Probe (Chrono Boost)  
  18  1:07  Nexus  
  18  1:11  Probe (Chrono Boost)  
  19  1:15  Gateway  
  19  1:21  Probe (Chrono Boost)  
  19  1:23  Assimilator  
  20  1:32  Probe (Chrono Boost)  
  21  1:38  Pylon  
  21  1:42  Probe (Chrono Boost)  
  22  1:53  Probe (Chrono Boost), Gateway  
  23  2:03  Probe (Chrono Boost)  
  23  2:05  Cybernetics Core  
  24  2:11  Assimilator  
  24  2:14  Probe (Chrono Boost)  
  25  2:24  Probe (Chrono Boost)  
  25  2:26  Probe (Chrono Boost)  
  27  2:35  Probe (Chrono Boost)  
  28  2:37  Probe (Chrono Boost)  
  28  2:42  Adept (Chrono Boost)  
  28  2:43  Adept (Chrono Boost)  
  28  2:44  Warp Gate  
  33  2:45  Probe (Chrono Boost)  
  33  2:48  Probe (Chrono Boost)  
  35  2:56  Mothership Core (Chrono Boost)  
  37  2:59  Pylon  
  37  3:01  Probe (Chrono Boost)  
  38  3:10  Adept x2 (Chrono Boost)  
  42  3:12  Probe  
  42  3:15  Probe  
  42  3:18  Assimilator  
  44  3:25  Probe  
  45  3:28  Probe  
  45  3:29  Robotics Facility  
  46  3:37  Probe  
  47  3:49  Probe x2  
  49  4:20  Probe, Warp Prism  
  49  4:23  Adept x2 (Chrono Boost)  
  52  4:25  Probe  
  52  4:31  Twilight Council  
  53  4:33  Gateway  
  53  4:34  Gateway  
  53  4:39  Probe  
  53  4:42  Assimilator  
  53  4:43  Nexus  
  53  4:45  Pylon x2  
  54  4:47  Pylon  
  54  4:54  Probe  
  54  5:14  Probe x2  
  56  5:21  Adept  
  56  5:22  Adept  
  56  5:26  Probe  
  56  5:28  Probe  
  62  5:31  Observer  
  62  5:33  Blink  
  62  5:34  Forge  
  62  5:35  Forge  
  63  5:37  Gateway  
  63  5:38  Gateway, Probe  
  63  5:40  Probe  
  65  5:50  Probe  
  65  5:51  Adept, Pylon  
  65  5:52  Probe  
  65  5:54  Pylon  
  69  6:02  Probe  
  70  6:04  Probe  
  70  6:09  Probe  
  72  6:13  Protoss Ground Weapons Level 1 (Chrono Boost)  
  72  6:14  Robotics Bay  
  72  6:15  Probe  
  72  6:16  Probe  
  72  6:17  Protoss Ground Armor Level 1 (Chrono Boost)  
  72  6:18  Photon Cannon  
  74  6:19  Probe  
  74  6:20  Stalker x2  
  74  6:21  Stalker  
  81  6:28  Probe  
  81  6:30  Assimilator  
  82  6:35  Pylon  
  82  6:36  Assimilator  
  82  6:54  Stalker x3  
  82  6:55  Stalker  
  90  7:04  Robotics Facility  
  90  7:08  Probe  
  91  7:09  Probe  
  91  7:11  Probe  
  93  7:16  Disruptor  
  93  7:22  Stalker x3  
  100  7:24  Stalker  
  100  7:25  Stalker  
  106  7:32  Probe (Chrono Boost)  
  106  7:35  Probe (Chrono Boost), Nexus  
  106  7:36  Probe (Chrono Boost)  
  109  7:37  Pylon  
  109  7:39  Pylon  
  110  7:45  Probe (Chrono Boost)  
  110  7:48  Probe (Chrono Boost)  
  111  8:03  Disruptor x2  
  119  8:14  Probe x2 (Chrono Boost)  
  119  8:15  Photon Cannon  
  119  8:19  Probe (Chrono Boost), Photon Cannon  
  120  8:21  Photon Cannon  
  120  8:24  Photon Cannon  
  120  8:27  Gateway x2, Photon Cannon  
  120  8:29  Probe x2 (Chrono Boost), Protoss Ground Weapons Level 2  
  120  8:30  Protoss Ground Armor Level 2  
  120  8:31  Gateway  
  122  8:36  Pylon  
  122  8:40  Observer (Chrono Boost)  
  124  8:43  Observer (Chrono Boost)  
  124  8:57  Stalker x4  
  124  8:58  Stalker x2  
  136  9:19  Stalker  
  138  9:29  Stalker x3  
  138  9:30  Stalker x4  
  134  9:46  Stalker x2  
  129  9:59  Disruptor (Chrono Boost)  
  124  10:04  Disruptor (Chrono Boost)  
  124  10:10  Stalker  
  124  10:11  Stalker x6  
  124  10:12  Stalker x2  
  142  10:30  Disruptor (Chrono Boost)  
  142  10:31  Probe  
  149  10:39  Disruptor (Chrono Boost)  
  149  10:44  Zealot  
  149  10:45  Zealot x2  
  149  11:01  Disruptor (Chrono Boost)  
  148  11:08  Stalker x4  
  156  11:17  Pylon  
  156  11:20  Assimilator  
  156  11:22  Pylon  
  156  11:23  Assimilator  
  156  11:25  Pylon  
  156  11:27  Gateway  
  156  11:28  Gateway  
  156  11:35  Disruptor (Chrono Boost)  
  150  11:40  Disruptor (Chrono Boost)  
  129  11:58  Stalker x3  
  129  11:59  Stalker x6  
  140  12:16  Disruptor (Chrono Boost)  
  126  12:25  Disruptor (Chrono Boost)  
  127  12:32  Stalker x7  
  127  12:33  Stalker x2  
  133  12:51  Disruptor (Chrono Boost)  
  133  13:05  Stalker x9  
Tags
 
Add a new tag
Caveats
  • Supply blocks, unpowered buildings, or Contaminate may cause inaccurate times.
  • Supply counts are checked every 10 seconds.